Map: Submarine LE

Players

EnDerr - Winner!

  • Race: Zerg Zerg
  • Spawn Location: 5:00

Seither

  • Race: Terran Terran
  • League: Grandmaster
  • Spawn Location: 11:00

Event: DreamHack SC2 Masters 2020 Winter

VOD

Have the link to the VOD?

Description

Time

  • Played on: Oct. 25, 2020, 6:22 a.m.
  • Length: 6:55

All games in this series

Show
View Real Time Build Order
Export as new Build Order

EnDerr Zerg - Winner!

Build Orders: Pool First 

Get SALT Encoding   

  12  0:00  Drone  
  13  0:12  Overlord  
  13  0:17  Drone  
  14  0:31  Drone x2  
  16  0:42  Spawning Pool  
  15  0:43  Extractor  
  15  0:46  Drone  
  15  0:50  Drone  
  16  0:57  Drone  
  17  1:06  Drone  
  18  1:22  Hatchery  
  17  1:31  Queen  
  19  1:38  Overlord  
  19  1:45  Metabolic Boost  
  19  1:51  Drone  
  20  1:54  Drone  
  21  2:02  Drone x2  
  23  2:11  Queen  
  25  2:22  Zergling x2  
  26  2:30  Overlord  
  26  2:34  Queen  
  28  2:37  Zergling x2  
  28  2:38  Zergling x2  
  28  2:42  Zergling x4  
  32  2:49  Overlord  
  32  2:50  Drone  
  33  2:52  Drone  
  34  3:01  Drone x2  
  36  3:06  Overlord  
  36  3:18  Hatchery  
  35  3:24  Drone x2  
  37  3:29  Drone x2  
  39  3:34  Drone  
  39  3:37  Pneumatized Carapace  
  39  3:42  Drone x2  
  39  3:48  Overlord  
  41  3:51  Drone x3  
  41  3:55  Drone  
  45  4:00  Drone  
  46  4:03  Roach Warren, Drone  
  46  4:04  Drone  
  46  4:06  Extractor  
  46  4:10  Overlord  
  46  4:13  Zergling x2  
  46  4:15  Drone x2  
  46  4:16  Drone  
  50  4:30  Queen  
  52  4:49  Overlord, Roach  
  52  4:50  Roach x4  
  52  4:52  Roach x3  
  68  4:54  Zergling x10  
  73  5:02  Overlord  
  73  5:03  Overlord x2  
  73  5:12  Roach x2  
  75  5:15  Roach  
  75  5:18  Roach  
  72  5:22  Zergling x8  
  72  5:25  Zergling x4  
  72  5:27  Zergling x2  
  71  5:30  Zergling x2  
  71  5:32  Zergling x2  
  70  5:37  Queen  
  70  5:40  Zergling x2  
  70  5:41  Zergling x4  
  67  5:56  Zergling x2  
  67  5:57  Zergling x6  
  70  5:59  Ravager  
  70  6:00  Ravager x2  
  73  6:04  Zergling x2  
  73  6:08  Zergling x4  
  76  6:14  Zergling x2  
  76  6:17  Zergling x2  
  75  6:18  Ravager  
  75  6:22  Zergling x2  
  72  6:25  Zergling x2  
  72  6:29  Zergling x2  
  72  6:30  Zergling x2  
Show
View Real Time Build Order
Export as new Build Order

Seither Terran 

Build Orders: Hellion Opening, Reaper Expand 

Get SALT Encoding   

  12  0:00  SCV  
  13  0:12  SCV  
  14  0:18  Supply Depot  
  14  0:24  SCV  
  15  0:39  SCV  
  15  0:41  Barracks  
  16  0:45  Refinery  
  16  0:51  SCV  
  17  1:03  SCV  
  18  1:15  SCV  
  19  1:28  Reaper, Orbital Command  
  20  1:41  Command Center  
  20  1:50  Supply Depot  
  20  1:55  SCV  
  20  2:00  Marine  
  22  2:07  Factory  
  22  2:08  SCV  
  23  2:20  SCV  
  23  2:22  Refinery  
  24  2:23  Barracks Reactor  
  24  2:38  SCV  
  25  2:54  Starport  
  25  2:56  SCV  
  26  3:03  Orbital Command  
  26  3:06  Hellion x2  
  26  3:08  SCV  
  26  3:12  Barracks Tech Lab  
  31  3:18  Supply Depot, Orbital Command  
  30  3:21  SCV  
  31  3:30  Hellion  
  31  3:31  Hellion  
  31  3:34  Viking  
  37  3:36  Marauder  
  39  3:42  SCV  
  39  3:44  SCV  
  39  3:45  Concussive Shells  
  41  3:51  Supply Depot  
  41  3:55  SCV  
  42  3:56  SCV  
  42  3:58  Hellion x2  
  47  4:08  Medivac, Marauder  
  51  4:10  Armory  
  51  4:14  SCV x2  
  53  4:19  Supply Depot  
  53  4:23  Hellion  
  55  4:25  Hellion  
  55  4:28  SCV x2  
  59  4:42  Liberator  
  62  4:48  Hellion x2, Marauder  
  68  4:53  SCV x2  
  68  4:54  Supply Depot  
  70  5:15  SCV x2  
  66  5:22  Hellion x2, Marauder  
  65  5:31  Starport Tech Lab  
  57  5:37  SCV x2  
  57  5:48  Command Center  
  57  5:49  SCV x2, Marauder  
  54  6:01  SCV x2  
  56  6:08  Barracks x3  
  56  6:09  Barracks  
  56  6:14  SCV  
  56  6:15  SCV  
  56  6:18  Siege Tank  
  53  6:27  Starport Tech Lab  
Tags
 
Add a new tag
Caveats
  • Supply blocks, unpowered buildings, or Contaminate may cause inaccurate times.
  • Supply counts are checked every 10 seconds.